 Dungeon Crawl Stone Soup version 0.24-a0-123-ga2403f3 (webtiles) character file.

Game seed: 0

13882 XanderDroid the Cleaver (level 11, -3/101 HPs)
             Began as a Minotaur Berserker on Feb 22, 2019.
             Was a High Priest of Trog.
             Slain by a spiny frog (16 damage)
             ... on level 1 of the Lair of Beasts.
             The game lasted 00:33:28 (11602 turns).

XanderDroid the Cleaver (Minotaur Berserker)       Turns: 11602, Time: 00:33:28

Health: -3/101     AC: 18    Str: 24    XL:     11   Next: 81%
Magic:  3/3        EV: 11    Int:  4    God:    Trog [*****.]
Gold:   638        SH:  0    Dex: 11    Spells: 10/10 levels left

rFire    . . .     SeeInvis .   a - +5 battleaxe (antimagic)
rCold    + . .     Gourm    .   (shield currently unavailable)
rNeg     . . .     Faith    .   w - +0 plate armour
rPois    +         Spirit   .   (helmet restricted)
rElec    .         Reflect  .   m - +1 cloak
rCorr    .         Harm     .   z - +0 pair of gloves
MR       .....                  (no boots)
Stlth    ..........             (no amulet)
HPRegen  0.26/turn              g - ring of poison resistance
MPRegen  0.08/turn              x - ring of protection from cold

@: marked
A: retaliatory headbutt, horns 2
a: Berserk, Trog's Hand, Brothers in Arms, Renounce Religion


You were on level 1 of the Lair of Beasts.
You worshipped Trog.
Trog was extremely pleased with you.
You were hungry.

You visited 3 branches of the dungeon, and saw 13 of its levels.
You also visited: Sewer.

You collected 638 gold pieces.

Inventory:

Hand Weapons
 a - a +5 antimagic battleaxe (weapon)
 b - a +2 flail of protection
Missiles
 B - a throwing net (quivered)
Armour
 m - a +1 cloak (worn)
 w - a +0 plate armour (worn)
 z - a +0 pair of gloves (worn)
Jewellery
 g - a ring of poison resistance (left hand)
 x - a ring of protection from cold (right hand)
Wands
 s - a wand of flame (16)
 C - a wand of disintegration (17)
 D - a wand of digging (3)
Scrolls
 e - a scroll of random uselessness {unknown}
 h - 3 scrolls of remove curse
 i - 3 scrolls of teleportation
 n - a scroll of noise {unknown}
 o - a scroll of enchant weapon {unknown}
 r - a scroll of blinking
 v - 2 scrolls of enchant armour
 y - a scroll of magic mapping {unknown}
 A - a scroll of holy word {unknown}
Potions
 d - 3 potions of invisibility
 f - 2 potions of brilliance {unknown}
 j - 3 potions of lignification
 k - 2 potions of resistance
 l - 2 potions of flight {unknown}
 p - 2 potions of heal wounds
 q - a potion of cancellation {unknown}
 t - 2 potions of curing
 u - a potion of haste {unknown}
Comestibles
 c - 16 rations
 E - 2 chunks of flesh


   Skills:
 + Level 10.8 Fighting
 * Level 14.3 Axes
 + Level 10.5 Armour
 + Level 9.7 Dodging


You had 10 spell levels left.
You didn't know any spells.
Your spell library was empty.

Dungeon Overview and Level Annotations

Branches:
Dungeon (11/15)            Temple (1/1) D:6            Lair (1/6) D:10
    Orc (0/2) D:10

Altars:
Ashenzari
Cheibriados
Dithmenos
Elyvilon
Fedhas
Gozag
Hepliaklqana
Kikubaaqudgha
Makhleb
Nemelex Xobeh
Okawaru
Qazlal
Ru
Sif Muna
Trog
Uskayaw
Vehumet
Wu Jian
Xom
Yredelemnul
Zin
The Shining One


Innate Abilities, Weirdness & Mutations

You reflexively headbutt those who attack you in melee.
You have a pair of horns on your head.


Message History

Found a scroll of identify.
You are feeling hungry.
You hit the spiny frog but do no damage.
You headbutt the spiny frog, but do no damage.
The spiny frog stings you but does no damage.
A bullfrog comes into view.
The spiny frog stings you but does no damage.
You slash the spiny frog!
The spiny frog is heavily wounded.
A water moccasin comes into view.
The spiny frog stings you!
* * * LOW HITPOINT WARNING * * *
You completely miss the spiny frog.
You headbutt the spiny frog, but do no damage.
The spiny frog is heavily wounded.
The spiny frog stings you but does no damage.
You slash the spiny frog!
The spiny frog is severely wounded.
The spiny frog stings you!
You die...

♣###
♣P..########
#...#......#
#.P#?@..P.#
#....F#.#.#
≈≈.#.F#.#..##
≈≈≈.........#
≈≈PS#..####.#
.......
...##.# .. ..
. #+####


You could see a spiny frog, a water moccasin and a bullfrog.

Vanquished Creatures
  A hydra (Lair:1)
  Erolcha (D:10)
  A cyclops (D:11)
  An ugly thing (D:11)
  2 spiny frogs (Lair:1)
  3 komodo dragons (Lair:1)
  A troll (D:9)
  A hornet (D:8)
  3 hippogriffs
  A shadow (D:11)
  3 basilisks (D:10)
  A wyvern (D:9)
  A human (D:8)
  10 yaks
  A steam dragon (D:11)
  2 water moccasins (Lair:1)
  Menkaure (D:6)
  4 porcupines (D:10)
  2 black bears
  4 orc warriors
  2 phantoms (D:9)
  2 sky beasts
  4 necrophages
  4 ogres
  8 centaurs
  3 crocodiles
  7 bullfrogs
  A wyvern skeleton (D:7)
  6 scorpions
  20 killer bees
  An electric eel (D:6)
  3 crimson imps
  A jelly (D:9)
  A bullfrog zombie (D:5)
  5 centaur zombies
  5 hounds
  2 bullfrog skeletons
  7 orc priests
  18 orc wizards
  2 centaur skeletons
  An iguana (D:5)
  8 worker ants
  A hound skeleton (D:7)
  A worker ant zombie (D:11)
  A howler monkey skeleton (D:2)
  9 adders
  3 shadow imps
  2 adder zombies
  An adder skeleton (D:4)
  3 worms (D:4)
  6 dart slugs
  6 leopard geckos
  53 orcs
  A giant cockroach (D:1)
  4 hobgoblins
  9 jackals
  6 kobolds
  4 quokkas
  6 ball pythons
  6 bats
  7 frilled lizards
  11 goblins
  2 jackal skeletons (D:4)
  2 quokka skeletons
  10 rats
  A bush (D:8)
  2 plants
312 creatures vanquished.

Vanquished Creatures (others)
  A fungus (D:10)
  7 plants (D:10)
8 creatures vanquished.

Grand Total: 320 creatures vanquished

Notes
Turn   | Place    | Note
-------+----------+-------------------------------------------
     0 | D:1      | XanderDroid the Minotaur Berserker began the quest for the
                  | Orb.
     0 | D:1      | Reached XP level 1. HP: 19/19 MP: 0/0
   164 | D:1      | Reached XP level 2. HP: 22/27 MP: 1/1
   234 | D:1      | Reached skill level 4 in Axes
  1326 | D:2      | Reached XP level 3. HP: 33/33 MP: 2/2
  1333 | D:2      | Found a blossoming altar of Fedhas.
  1405 | D:2      | Reached ** piety under Trog
  1981 | D:2      | Reached XP level 4. HP: 21/40 MP: 3/3
  2266 | D:3      | Reached skill level 5 in Axes
  2366 | D:3      | Reached XP level 5. HP: 47/47 MP: 4/4
  2527 | D:3      | Reached *** piety under Trog
  3077 | D:4      | Found a glowing drain.
  3285 | Sewer    | Entered a sewer
  3503 | D:4      | Reached XP level 6. HP: 55/55 MP: 5/5
  3515 | D:4      | Reached skill level 6 in Axes
  3733 | D:4      | Reached skill level 5 in Fighting
  3799 | D:4      | Reached **** piety under Trog
  4236 | D:5      | Entered Level 5 of the Dungeon
  4253 | D:5      | Found a sparkling altar of Nemelex Xobeh.
  4269 | D:5      | Reached XP level 7. HP: 57/61 MP: 6/6
  4353 | D:5      | Reached skill level 7 in Axes
  4416 | D:5      | Reached skill level 5 in Armour
  4537 | D:5      | Reached skill level 5 in Dodging
  4537 | D:5      | Reached XP level 8. HP: 51/70 MP: 7/7
  4544 | D:5      | Reached skill level 8 in Axes
  4951 | D:6      | Noticed Menkaure
  4964 | D:6      | Killed Menkaure
  5008 | D:6      | Found a staircase to the Ecumenical Temple.
  5032 | Temple   | Entered the Ecumenical Temple
  5140 | D:6      | Reached ***** piety under Trog
  5180 | D:6      | Found a deep blue altar of Sif Muna.
  5791 | D:6      | Reached skill level 9 in Axes
  6534 | D:7      | Reached XP level 9. HP: 79/79 MP: 8/8
  6617 | D:7      | Reached skill level 10 in Axes
  7118 | D:8      | Found a sacrificial altar of Ru.
  7294 | D:8      | Reached skill level 11 in Axes
  7351 | D:8      | Received a gift from Trog
  7616 | D:8      | Reached XP level 10. HP: 52/90 MP: 3/9
  8984 | D:9      | Reached skill level 12 in Axes
  9379 | D:10     | Entered Level 10 of the Dungeon
  9385 | D:10     | Noticed Erolcha
  9400 | D:10     | Killed Erolcha
  9595 | D:10     | Found a staircase to the Lair.
  9608 | D:10     | Reached XP level 11. HP: 92/99 MP: 3/10
  9614 | D:10     | Reached skill level 13 in Axes
  9762 | D:10     | Found a staircase to the Orcish Mines.
  9938 | D:10     | Reached skill level 10 in Fighting
 10418 | D:11     | Noticed a green ugly thing
 10423 | D:11     | Killed a green ugly thing
 10436 | D:11     | Received a gift from Trog
 10436 | D:11     | Reached skill level 10 in Armour
 10751 | D:11     | Identified the Almanac of Evil Moulding
 10963 | Lair:1   | Entered Level 1 of the Lair of Beasts
 11227 | Lair:1   | Reached skill level 14 in Axes
 11487 | Lair:1   | Noticed a seven-headed hydra
 11495 | Lair:1   | Killed an eight-headed hydra
 11602 | Lair:1   | Slain by a spiny frog

Levels and vault maps discovered:
D:1:      matt_arrival_diagonals, layout_basic, minmay_heptomino_d4
D:2:      layout_basic, lemuel_crystal_altar, first_ration
D:3:      layout_basic, minmay_checkerbox
D:4:      layout_rooms, cheibrodos_sewer_entry_drain, serial_bayou_lagoon_a,
          hangedman_minor_gate_pass
D:5:      layout_basic, nemelex_xobeh_ov_fountains_minmay
D:6:      layout_loops_corners, minmay_temple_entry_large_hall, basic_altar,
          minivault_14, uniq_menkaure
D:7:      layout_gridville, serial_undead, serial_undead_a, serial_undead_b,
          serial_undead_e, serial_undead_b
D:8:      layout_basic, kb_lookout_dungeons_type, grunt_pizzeria,
          nicolae_ru_sacrificial_ziggurat
D:9:      layout_basic
D:10:     layout_basic, minmay_lair_entry_grove, uniq_erolcha
D:11:     layout_roguey, kennysheep_generic_room_8
Temple:   dpeg_three_leaves_temple
Lair:1:   layout_roguey, basic_altar, hangedman_lair_generics_rect,
          serial_bayou_shore_a
Sewer:    sewer_co_purgy_island

Skill      XL: |  1  2  3  4  5  6  7  8  9 10 11 |
---------------+----------------------------------+-----
Axes           | 4 5 6 7 9 11 12 14 | 14.3
Fighting       | 4 5 6 7 8 9 10 | 10.8
Armour         | 3 4 5 6 8 9 10 | 10.5
Dodging        | 3 4 5 6 7 8 9 |  9.7

Action                   |  1- 3 |  4- 6 |  7- 9 | 10-12 || total
-------------------------+-------+-------+-------+-------++-------
Melee: Hand axe          |    62 |   151 |    84 |       ||   297
       Headbutt          |    12 |    33 |    50 |    58 ||   153
       War axe           |       |       |   173 |       ||   173
       Battleaxe         |       |       |    14 |   281 ||   295
       Flail             |       |       |       |     4 ||     4
Invok: Berserk           |       |     4 |     5 |     2 ||    11
  Use: Scroll            |     4 |     4 |     7 |     5 ||    20
       Potion            |       |       |       |     1 ||     1
  Eat: Chunk             |     3 |     8 |    15 |    11 ||    37
       Ration            |       |     1 |       |     1 ||     2
Armor: Animal skin       |     7 |       |       |       ||     7
       Scale mail        |       |    35 |     5 |       ||    40
       Chain mail        |       |       |    76 |       ||    76
       Plate armour      |       |       |    66 |   198 ||   264
Dodge: Dodged            |    40 |    61 |   165 |   176 ||   442

Table legend:
 A = Non-vault XP
 B = Vault XP
 C = Vault XP percentage of total XP
 D = Non-vault monster count
 E = Vault monster count
 F = Vault count percentage of total count
                 A         B        C        D         E       F
            +---------+---------+-------+---------+---------+-------
      Total |   14969 |    4863 |  24.5 |     261 |      48 |  15.5
            +---------+---------+-------+---------+---------+-------
        D:1 |      17 |       6 |  26.1 |      10 |       3 |  23.1
        D:2 |      74 |       0 |   0.0 |      24 |       0 |   0.0
        D:3 |     149 |       9 |   5.7 |      29 |       3 |   9.4
        D:4 |     308 |     129 |  29.5 |      21 |      10 |  32.3
        D:5 |     950 |       0 |   0.0 |      28 |       0 |   0.0
        D:6 |     521 |     157 |  23.2 |      15 |       1 |   6.2
        D:7 |    1418 |     423 |  23.0 |      32 |       5 |  13.5
        D:8 |    1856 |     315 |  14.5 |      22 |       2 |   8.3
        D:9 |    1766 |       0 |   0.0 |      23 |       0 |   0.0
       D:10 |    1313 |    3150 |  70.6 |      18 |      14 |  43.8
       D:11 |    3552 |      46 |   1.3 |      31 |       1 |   3.1
     Lair:1 |    3045 |     608 |  16.6 |       8 |       3 |  27.3
      Sewer |       0 |      20 | 100.0 |       0 |       6 | 100.0
            +---------+---------+-------+---------+---------+-------
